CAL
LAKE ELSINORE STORM @ LANCASTER JETHAWKS
06/11/2025
 
TOP OF THE 1ST
Lake Elsinore Storm batting - Pitching for Lancaster JetHawks : LHP Jordan Wicks
Pitching: LHP Jordan Wicks
Batting: RHB Emmanuel Rodriguez 0-0: Ball
1-0: Foul Ball, location: 2F
1-1: Swinging Strike
1-2: Strikes out looking
Batting: RHB Eddie McCabe 0-0: Called Strike
0-1: Foul Ball, location: 2F
0-2: Ball
1-2: Ground out 5-3 (Groundball, 5, EV 106.9 MPH)
Batting: LHB Matthew Acosta 0-0: DOUBLE (Line Drive, 78D, EV 107.5 MPH)
Batting: RHB Vaughn Grissom 0-0: Ball
1-0: Called Strike
1-1: Swinging Strike
1-2: DOUBLE (Line Drive, 89D, EV 111.2 MPH)
Matthew Acosta scores
Batting: RHB Emilio Rosas 0-0: Ball
Wild Pitch!
Vaughn Grissom to third
1-0: Called Strike
1-1: Foul Ball, location: 2F
1-2: Foul Ball, location: 2F
1-2: Ball
2-2: Foul Ball, location: 2F
2-2: Foul Ball, location: 2F
2-2: Ball
3-2: SINGLE (Line Drive, 6D, EV 98.8 MPH)
Vaughn Grissom scores
Batting: RHB Alex Ramirez 0-0: Ball
Emilio Rosas steals 2nd base
1-0: Ball
2-0: Foul Ball, location: 2F
2-1: Foul Ball, location: 2F
2-2: SINGLE (Line Drive, 9LM, EV 105.0 MPH)
Emilio Rosas to third
Runner from 3rd tries for Home, SAFE, throw by RF to home
Batting: RHB Pierce Jones 0-0: Foul Ball, location: 2F
0-1: Called Strike
0-2: Foul Ball, location: 2F
0-2: SINGLE (Line Drive, 6D, EV 104.4 MPH)
Alex Ramirez to second
Batting: RHB Victor Duarte 0-0: Ball
1-0: Ball
2-0: Fly out, F2 (Popup, 5SF, EV 82.5 MPH)
Top of the 1st over - 3 runs, 5 hits, 0 errors, 2 left on base; Lake Elsinore 3 - Lancaster 0
BOTTOM OF THE 1ST
Lancaster JetHawks batting - Pitching for Lake Elsinore Storm : LHP Carter Lohman
Pitching: LHP Carter Lohman
Batting: RHB Leo Harris 0-0: Ball
1-0: Ground out 5-3 (Groundball, 56, EV 101.2 MPH)
Batting: RHB Pedro Felix 0-0: Foul Ball, location: 2F
0-1: Swinging Strike
0-2: Ball
1-2: Foul Ball, location: 2F
1-2: Ball
2-2: Ball
3-2: Foul Ball, location: 2F
3-2: Strikes out swinging
Batting: RHB Josh Hick 0-0: Called Strike
0-1: Swinging Strike
0-2: DOUBLE (Popup, 6MD, EV 46.9 MPH)
Batting: RHB Elijah Cabell 0-0: Fly out, F8 (Line Drive, 8LM, EV 86.9 MPH)
Bottom of the 1st over - 0 runs, 1 hit, 0 errors, 1 left on base; Lake Elsinore 3 - Lancaster 0
TOP OF THE 2ND
Lake Elsinore Storm batting - Pitching for Lancaster JetHawks : LHP Jordan Wicks
Batting: RHB Charlis Aquino 0-0: Called Strike
0-1: Ground out 4-3 (Groundball, 4S, EV 81.9 MPH)
Batting: RHB Emmanuel Rodriguez 0-0: Ball
1-0: DOUBLE (Line Drive, 9LM, EV 103.1 MPH)
Batting: RHB Eddie McCabe 0-0: Foul Ball, location: 2F
0-1: Foul Ball, location: 2F
0-2: Ball
1-2: Ball
2-2: Ball
3-2: Foul Ball, location: 2F
3-2: SINGLE (Line Drive, 9S, EV 111.9 MPH)
Emmanuel Rodriguez to third
Runner from 3rd tries for Home, SAFE, throw by RF to home
Batting: LHB Matthew Acosta 0-0: Ball
1-0: Called Strike
1-1: Swinging Strike
1-2: Strikes out swinging
Batting: RHB Vaughn Grissom 0-0: Swinging Strike
0-1: Called Strike
0-2: Strikes out swinging
Top of the 2nd over - 1 run, 2 hits, 0 errors, 1 left on base; Lake Elsinore 4 - Lancaster 0
BOTTOM OF THE 2ND
Lancaster JetHawks batting - Pitching for Lake Elsinore Storm : LHP Carter Lohman
Batting: LHB Jayden Bates 0-0: Foul Ball, location: 2F
0-1: Ball
1-1: Ball
2-1: Ball
3-1: Called Strike
3-2: Foul Ball, location: 2F
3-2: Fly out, F7 (Flyball, 78M, EV 88.1 MPH)
Batting: LHB Jack Yalowitz 0-0: Called Strike
0-1: SINGLE (Groundball, 56, EV 105.0 MPH) (infield hit)
Batting: SHB Carlos Arcia 0-0: Called Strike
0-1: Ball
1-1: DOUBLE (Line Drive, 7LM, EV 104.4 MPH)
Jack Yalowitz to third
Runner from 3rd tries for Home, throw by LF and OUT! 7-6-2
Batting: SHB Chris Schmit 0-0: Called Strike
0-1: Ball
1-1: Ball
2-1: Swinging Strike
2-2: Ball
3-2: Fly out, F4 (Flyball, 34D, EV 90.0 MPH)
Bottom of the 2nd over - 0 runs, 2 hits, 0 errors, 1 left on base; Lake Elsinore 4 - Lancaster 0
TOP OF THE 3RD
Lake Elsinore Storm batting - Pitching for Lancaster JetHawks : LHP Jordan Wicks
Batting: RHB Emilio Rosas 0-0: Ground out 5-3 (Groundball, 56, EV 101.9 MPH)
Batting: RHB Alex Ramirez 0-0: Ball
1-0: Foul Ball, location: 2F
1-1: Ground out 4-3 (Groundball, 13, EV 82.5 MPH)
Batting: RHB Pierce Jones 0-0: Ball
1-0: Ball
2-0: Swinging Strike
2-1: Ball
3-1: Called Strike
3-2: Ground out 6-3 (Groundball, 6, EV 91.9 MPH)
Top of the 3rd over - 0 runs, 0 hits, 0 errors, 0 left on base; Lake Elsinore 4 - Lancaster 0
BOTTOM OF THE 3RD
Lancaster JetHawks batting - Pitching for Lake Elsinore Storm : LHP Carter Lohman
Batting: RHB Mishael Deson 0-0: Foul Ball, location: 2F
0-1: Ball
1-1: Foul Ball, location: 2F
1-2: Ground out 1-3 (Groundball, 15S, EV 72.5 MPH)
Batting: RHB Leo Harris 0-0: Called Strike
0-1: Ball
1-1: Called Strike
1-2: Fly out, F6 (Popup, 56, EV 75.6 MPH)
Batting: RHB Pedro Felix 0-0: SINGLE (Groundball, 15S, EV 67.5 MPH) (infield hit)
Batting: RHB Josh Hick 0-0: Ball
1-0: Swinging Strike
1-1: Ball
2-1: Ball
3-1: Base on Balls
Pedro Felix to second
Batting: RHB Elijah Cabell 0-0: Ball
1-0: Called Strike
1-1: DOUBLE (Line Drive, 7LM, EV 110.0 MPH)
Pedro Felix scores
Josh Hick to third
Runner from 3rd tries for Home, SAFE, throw by LF to home
Batting: LHB Jayden Bates 0-0: Ball
1-0: Called Strike
1-1: SINGLE (Groundball, 4D, EV 110.6 MPH)
Elijah Cabell to third
Runner from 3rd tries for Home, throw by CF and OUT! 8-2
Bottom of the 3rd over - 2 runs, 3 hits, 0 errors, 1 left on base; Lake Elsinore 4 - Lancaster 2
TOP OF THE 4TH
Lake Elsinore Storm batting - Pitching for Lancaster JetHawks : LHP Jordan Wicks
Batting: RHB Victor Duarte 0-0: Foul Ball, location: 2F
0-1: Swinging Strike
0-2: Strikes out swinging
Batting: RHB Charlis Aquino 0-0: Swinging Strike
0-1: Foul Ball, location: 2F
0-2: Strikes out swinging
Batting: RHB Emmanuel Rodriguez 0-0: Called Strike
0-1: Called Strike
0-2: Foul Ball, location: 2F
0-2: Foul Ball, location: 2F
0-2: Hit by Pitch
Batting: RHB Eddie McCabe 0-0: Called Strike
0-1: SINGLE (Groundball, 5D, EV 105.6 MPH)
Emmanuel Rodriguez to second
Batting: LHB Matthew Acosta 0-0: SINGLE (Line Drive, 78S, EV 111.2 MPH)
Emmanuel Rodriguez to third
Eddie McCabe to second
Batting: RHB Vaughn Grissom 0-0: Ball
1-0: Ball
2-0: Ball
3-0: Called Strike
3-1: Base on Balls
Emmanuel Rodriguez scores
Eddie McCabe to third
Matthew Acosta to second
Pitching: RHP Parker Aquino
Batting: RHB Emilio Rosas 0-0: Foul Ball, location: 2F
0-1: Swinging Strike
0-2: Ball
1-2: Ball
2-2: Ball
Wild Pitch!
Eddie McCabe scores
Matthew Acosta to third
Vaughn Grissom to second
3-2: Ground out 4-3 (Groundball, 4S, EV 86.2 MPH)
Top of the 4th over - 2 runs, 2 hits, 0 errors, 2 left on base; Lake Elsinore 6 - Lancaster 2
BOTTOM OF THE 4TH
Lancaster JetHawks batting - Pitching for Lake Elsinore Storm : LHP Carter Lohman
Batting: LHB Jack Yalowitz 0-0: Foul Ball, location: 2F
0-1: Ball
1-1: Called Strike
1-2: Strikes out swinging
Batting: SHB Carlos Arcia 0-0: Called Strike
0-1: Foul Ball, location: 2F
0-2: Strikes out swinging
Batting: SHB Chris Schmit 0-0: Called Strike
0-1: Fly out, F8 (Flyball, 8LM, EV 90.6 MPH)
Bottom of the 4th over - 0 runs, 0 hits, 0 errors, 0 left on base; Lake Elsinore 6 - Lancaster 2
TOP OF THE 5TH
Lake Elsinore Storm batting - Pitching for Lancaster JetHawks : RHP Parker Aquino
Batting: RHB Alex Ramirez 0-0: Foul Ball, location: 2F
0-1: Ball
1-1: Ball
2-1: Foul Ball, location: 2F
2-2: Foul Ball, location: 2F
2-2: Strikes out swinging
Batting: RHB Pierce Jones 0-0: Foul Ball, location: 2F
0-1: DOUBLE (Line Drive, 8RXD, EV 107.5 MPH)
Batting: RHB Victor Duarte 0-0: Ground out 1-3 (Groundball, 15S, EV 70.6 MPH)
Batting: RHB Charlis Aquino 0-0: Ground out 6-3 (Groundball, 6, EV 87.5 MPH)
Top of the 5th over - 0 runs, 1 hit, 0 errors, 1 left on base; Lake Elsinore 6 - Lancaster 2
BOTTOM OF THE 5TH
Lancaster JetHawks batting - Pitching for Lake Elsinore Storm : LHP Carter Lohman
Batting: RHB Mishael Deson 0-0: Ball
1-0: Fly out, F7 (Flyball, 7, EV 87.5 MPH)
Batting: RHB Leo Harris 0-0: Called Strike
0-1: Ball
1-1: Called Strike
1-2: Ball
2-2: Foul Ball, location: 2F
2-2: Foul Ball, location: 2F
2-2: Strikes out looking
Batting: RHB Pedro Felix 0-0: Called Strike
0-1: Foul Ball, location: 2F
0-2: Ball
1-2: Foul Ball, location: 2F
1-2: Ball
2-2: Ball
3-2: Base on Balls
Batting: RHB Josh Hick 0-0: Called Strike
0-1: Ball
1-1: Ball
2-1: Ground out 5-3 (Groundball, 5S, EV 80.6 MPH)
Bottom of the 5th over - 0 runs, 0 hits, 0 errors, 1 left on base; Lake Elsinore 6 - Lancaster 2
TOP OF THE 6TH
Lake Elsinore Storm batting - Pitching for Lancaster JetHawks : RHP Parker Aquino
Batting: RHB Emmanuel Rodriguez 0-0: Ball
1-0: Ground out 6-3 (Groundball, 6, EV 85.0 MPH)
Batting: RHB Eddie McCabe 0-0: Ball
1-0: Ball
2-0: Called Strike
2-1: Foul Ball, location: 2F
2-2: SINGLE (Line Drive, 4D, EV 104.4 MPH)
Batting: LHB Matthew Acosta 0-0: Called Strike
0-1: SINGLE (Groundball, 3S, EV 75.6 MPH) (infield hit)
Eddie McCabe to second
Batting: RHB Vaughn Grissom 0-0: Foul Ball, location: 2F
0-1: Foul Ball, location: 2F
0-2: Foul Ball, location: 2F
0-2: Ball
Wild Pitch!
Eddie McCabe to third
Matthew Acosta to second
1-2: Ball
2-2: Ball
3-2: Base on Balls
Batting: RHB Emilio Rosas 0-0: Ball
1-0: Grounds into fielders choice 6-2 (Groundball, 6, EV 101.9 MPH)
Matthew Acosta to third
Vaughn Grissom to second
Batting: RHB Alex Ramirez 0-0: Foul Ball, location: 2F
0-1: Swinging Strike
0-2: Foul Ball, location: 2F
0-2: Strikes out swinging
Top of the 6th over - 0 runs, 2 hits, 0 errors, 3 left on base; Lake Elsinore 6 - Lancaster 2
BOTTOM OF THE 6TH
Lancaster JetHawks batting - Pitching for Lake Elsinore Storm : LHP Carter Lohman
Batting: RHB Elijah Cabell 0-0: Swinging Strike
0-1: Ball
1-1: Foul Ball, location: 2F
1-2: Strikes out swinging
Batting: LHB Jayden Bates 0-0: Called Strike
0-1: Foul Ball, location: 2F
0-2: Foul Ball, location: 2F
0-2: Ball
1-2: Fly out, F5 (Line Drive, 5, EV 72.5 MPH)
Batting: LHB Jack Yalowitz 0-0: Swinging Strike
0-1: Foul Ball, location: 2F
0-2: Strikes out swinging
Bottom of the 6th over - 0 runs, 0 hits, 0 errors, 0 left on base; Lake Elsinore 6 - Lancaster 2
TOP OF THE 7TH
Lake Elsinore Storm batting - Pitching for Lancaster JetHawks : RHP Parker Aquino
Batting: RHB Pierce Jones 0-0: Ball
1-0: Ball
2-0: Called Strike
2-1: Ball
3-1: Foul Ball, location: 2F
3-2: SOLO HOME RUN (Flyball, 7LD, EV 105.6 MPH), Distance : 345 ft
Batting: RHB Victor Duarte 0-0: Swinging Strike
0-1: Ball
1-1: Ball
2-1: Foul Ball, location: 2F
2-2: Foul Ball, location: 2F
2-2: Ground out 6-3 (Groundball, 6, EV 87.5 MPH)
Batting: RHB Charlis Aquino 0-0: Called Strike
0-1: Foul Ball, location: 2F
0-2: SINGLE (Groundball, 4D, EV 101.9 MPH)
Pitching: LHP Seth Lonsway
Batting: RHB Emmanuel Rodriguez 0-0: Called Strike
0-1: Ball
1-1: Ball
2-1: Ball
3-1: Base on Balls
Charlis Aquino to second
Batting: RHB Eddie McCabe 0-0: Ball
1-0: Foul Ball, location: 2F
1-1: Grounds into double play, 3-6-3 (Groundball, 34, EV 100.0 MPH)
Top of the 7th over - 1 run, 2 hits, 0 errors, 1 left on base; Lake Elsinore 7 - Lancaster 2
BOTTOM OF THE 7TH
Lancaster JetHawks batting - Pitching for Lake Elsinore Storm : LHP Carter Lohman
Pitching: RHP Brandon Komar
Batting: SHB Carlos Arcia 0-0: Foul Ball, location: 2F
0-1: Fly out, F7 (Flyball, 78S, EV 91.2 MPH)
Batting: SHB Chris Schmit 0-0: Ball
1-0: Called Strike
1-1: Foul Ball, location: 2F
1-2: Foul Ball, location: 2F
1-2: Ball
2-2: Fly out, F8 (Line Drive, 8RM, EV 96.9 MPH)
Batting: RHB Mishael Deson 0-0: Ball
1-0: Fly out, F8 (Flyball, 8RS, EV 86.9 MPH)
Bottom of the 7th over - 0 runs, 0 hits, 0 errors, 0 left on base; Lake Elsinore 7 - Lancaster 2
TOP OF THE 8TH
Lake Elsinore Storm batting - Pitching for Lancaster JetHawks : LHP Seth Lonsway
Batting: LHB Matthew Acosta 0-0: Swinging Strike
0-1: Foul Ball, location: 2F
0-2: Foul Ball, location: 2F
0-2: Ball
1-2: Strikes out swinging
Batting: RHB Vaughn Grissom 0-0: Ball
1-0: DOUBLE (Flyball, 89XD, EV 91.9 MPH)
Batting: RHB Emilio Rosas 0-0: Called Strike
0-1: Foul Ball, location: 2F
0-2: Ball
1-2: Ball
2-2: Strikes out looking
Batting: RHB Alex Ramirez 0-0: Ball
1-0: Swinging Strike
1-1: Foul Ball, location: 2F
1-2: Strikes out looking
Top of the 8th over - 0 runs, 1 hit, 0 errors, 1 left on base; Lake Elsinore 7 - Lancaster 2
BOTTOM OF THE 8TH
Lancaster JetHawks batting - Pitching for Lake Elsinore Storm : RHP Brandon Komar
Batting: RHB Leo Harris 0-0: Foul Ball, location: 2F
0-1: Ball
1-1: SINGLE (Flyball, 6D, EV 93.1 MPH)
Batting: RHB Pedro Felix 0-0: Swinging Strike
0-1: Foul Ball, location: 2F
0-2: Ball
1-2: Strikes out swinging
Batting: RHB Josh Hick 0-0: Called Strike
0-1: Ball
1-1: Grounds into double play, 5-4-3 (Groundball, 56, EV 87.5 MPH)
Bottom of the 8th over - 0 runs, 1 hit, 0 errors, 0 left on base; Lake Elsinore 7 - Lancaster 2
TOP OF THE 9TH
Lake Elsinore Storm batting - Pitching for Lancaster JetHawks : LHP Seth Lonsway
Batting: RHB Pierce Jones 0-0: Ball
1-0: Ball
2-0: Called Strike
2-1: Foul Ball, location: 2F
2-2: Strikes out looking
Batting: RHB Victor Duarte 0-0: Swinging Strike
0-1: Foul Ball, location: 2F
0-2: Ball
1-2: Ball
2-2: Ball
3-2: Strikes out swinging, 2-3 out at first.
Batting: RHB Charlis Aquino 0-0: Ball
1-0: DOUBLE (Line Drive, 9LS, EV 106.2 MPH)
Batting: RHB Emmanuel Rodriguez 0-0: Called Strike
0-1: Ground out 5-3 (Groundball, 56S, EV 84.4 MPH)
Top of the 9th over - 0 runs, 1 hit, 0 errors, 1 left on base; Lake Elsinore 7 - Lancaster 2
BOTTOM OF THE 9TH
Lancaster JetHawks batting - Pitching for Lake Elsinore Storm : RHP Brandon Komar
Batting: RHB Elijah Cabell 0-0: TRIPLE (Line Drive, 8RXD, EV 98.8 MPH)
Batting: LHB Jayden Bates 0-0: Ball
1-0: Foul Ball, location: 2F
1-1: Fly out, F9 (Line Drive, 9, EV 91.2 MPH)
Batting: LHB Jack Yalowitz 0-0: Fly out, F9 (Flyball, 9, EV 78.1 MPH)
Batting: SHB Carlos Arcia 0-0: Fly out, F8 (Flyball, 78M, EV 96.2 MPH)
Bottom of the 9th over - 0 runs, 1 hit, 0 errors, 1 left on base; Lake Elsinore 7 - Lancaster 2
Monday, May 17th, 2021 - OOTP Baseball 21.5 Build 76